 Dungeon Crawl Stone Soup version 0.21.1-1-g345015fe64 (webtiles) character file.

133170 Gingernuke the Peltast (level 16, -1/152 HPs)
             Began as a Minotaur Berserker on July 7, 2018.
             Was an Elder of Trog.
             Slain by a death yak (4 damage)
             ... led by Polyphemus
             ... on level 3 of the Shoals.
             The game lasted 01:54:39 (27264 turns).

Gingernuke the Peltast (Minotaur Berserker)        Turns: 27264, Time: 01:54:40

Health: -1/152     AC: 23    Str: 28    XL:     16   Next: 59%
Magic:  0/15       EV: 10    Int:  8    God:    Trog [****..]
Gold:   1775       SH: 22    Dex: 11    Spells: 15/15 levels left

rFire    + + .     SeeInvis .   a - +3 eveningstar (drain)
rCold    . . .     Gourm    .   C - +0 large shield
rNeg     + . .     Faith    .   A - +1 plate armour of Too Many Cooks {+Fly rF+ Int+4}
rPois    .         Spirit   +   (helmet restricted)
rElec    .         Reflect  .   i - +0 cloak
rCorr    .         Harm     .   q - +2 pair of gloves
MR       +....                  (no boots)
Stlth    ..........             z - amulet of guardian spirit
HPRegen  0.35/turn              f - ring of protection from fire
MPRegen  0.14/turn              E - ring of positive energy

@: mesmerised, very slightly contaminated
A: retaliatory headbutt, horns 2, blurry vision 1
a: Berserk, Trog's Hand, Brothers in Arms, Burn Spellbooks, Renounce Religion,
Evoke Flight


You were on level 3 of the Shoals.
You worshipped Trog.
Trog was greatly pleased with you.
You were hungry.

You visited 4 branches of the dungeon, and saw 24 of its levels.
You also visited: Volcano.

You collected 2615 gold pieces.
You spent 840 gold pieces at shops.

Inventory:

Hand Weapons
 a - a +3 eveningstar of draining (weapon)
 b - a +3 morningstar of protection
Missiles
 m - 6 javelins of returning (quivered)
 s - 3 throwing nets
Armour
 i - a +0 cloak (worn)
 q - a +2 pair of gloves (worn)
 A - the +1 plate armour of Too Many Cooks (worn) {+Fly rF+ Int+4}
   (You bought it in a shop on level 2 of the Orcish Mines)

   It affects your intelligence (+4).
   It protects you from fire.
   It lets you fly.
 C - a +0 large shield (worn)
 Q - a +4 plate armour
Jewellery
 f - a ring of protection from fire (left hand)
 x - an uncursed ring of resist corrosion
 z - an amulet of guardian spirit (around neck)
 E - a ring of positive energy (right hand)
 I - an uncursed ring of ice
 J - an uncursed amulet of faith
 P - the ring "Fegej" {rElec rC- rN+ MR+}
   (You found it on level 6 of the Lair of Beasts)

   [ring of positive energy]

   It makes you vulnerable to cold.
   It insulates you from electricity.
   It protects you from negative energy.
   It affects your resistance to hostile enchantments.
Wands
 H - a wand of acid (8)
 K - a wand of paralysis (15)
 L - a wand of disintegration (25)
 M - a wand of polymorph (33)
Scrolls
 d - a scroll of blinking
 e - 2 scrolls of fog
 g - 9 scrolls of fear
 n - 10 scrolls of remove curse
 t - 4 scrolls of enchant armour
 w - 17 scrolls of teleportation
 y - a scroll of summoning
 N - 2 scrolls of identify
Potions
 h - a potion of lignification
 j - 8 potions of curing
 k - a potion of haste
 l - 6 potions of mutation
 o - 5 potions of berserk rage
 p - 2 potions of heal wounds
 r - a potion of agility
 u - a potion of magic
 v - 2 potions of invisibility
 B - a potion of might
 D - 3 potions of flight
 F - 2 potions of cancellation
 G - 2 potions of ambrosia
 R - a potion of brilliance
Comestibles
 c - 41 rations


   Skills:
 + Level 16.6 Fighting
 - Level 16.0 Maces & Flails
 + Level 16.3 Armour
 - Level 7.0 Dodging
 * Level 17.8 Shields


You had 15 spell levels left.
You didn't know any spells.

Dungeon Overview and Level Annotations

Branches:
Dungeon (13/15)            Temple (0/1) D:5            Lair (6/6) D:10
 Shoals (3/4) Lair:3       Spider (0/4) Lair:3        Slime (0/5) Lair:6
    Orc (2/2) D:12            Elf (0/3) Orc:2        Vaults (0/5) D:13

Altars:
Ashenzari
Cheibriados
Dithmenos
Gozag
Kikubaaqudgha
Nemelex Xobeh
Okawaru
Ru
Sif Muna
Wu Jian
Xom
Beogh

Shops:
D:10 !   Orc:2 [:(*

Annotations:
D:8 exclusion: downstairs
D:9 exclusion: orange crystal statue
Lair:6 exclusion: 4 oklob plants
Shoals:3 Kirke, Polyphemus


Innate Abilities, Weirdness & Mutations

You reflexively headbutt those who attack you in melee.
You have a pair of horns on your head.
Scrolls take you a little longer to read.


Message History

* * * LOW HITPOINT WARNING * * *
The catoblepas breathes a plume of calcifying dust at you.
The blast of calcifying dust hits you!
* * * LOW HITPOINT WARNING * * *
You turn to flesh and can move again.
You see here 2 large rocks.
Unknown command.
You cannot move away from the merfolk siren!
Polyphemus throws a large rock.
The large rock hits you!
* * * LOW HITPOINT WARNING * * *
The merfolk siren chants its luring song.
The death yak gores you.
* * * LOW HITPOINT WARNING * * *
You block the catoblepas's attack.
You see here a large rock.
You feel much better.
Polyphemus throws a large rock.
The large rock hits you!!
* * * LOW HITPOINT WARNING * * *
The merfolk siren chants its luring song.
The death yak gores you.
You die...

.≈≈....≈..≈...≈........≈≈≈≈≈
≈≈≈≈≈≈≈≈..........###..≈≈≈≈≈
≈≈≈..≈≈≈≈........## #..≈≈≈≈≈
#...≈≈.≈...≈......#### ###.≈≈≈≈≈
#...m≈.≈........|≈§#####...≈≈≈≈≈
..≈≈≈≈.......≈...§..##...≈≈≈≈≈≈≈
..≈≈≈...###.≈≈.†§..####...≈≈≈≈≈≈
≈≈.......##...Y§<.## #...≈≈≈≈≈≈
≈≈≈......≈≈m≈.Y@..# #..≈≈≈≈≈≈≈
≈≈≈.).mm≈≈≈m.≈..### ##.≈≈≈≈≈≈≈
≈≈≈≈...Y..≈..C....## ##..≈≈≈≈≈≈≈
≈≈≈≈§§≈§§≈≈≈.......####..≈≈≈≈≈≈≈≈
≈≈≈≈≈≈≈≈≈≈..........##....≈≈≈≈≈≈≈
≈≈≈≈≈≈≈≈≈≈(###.....###...≈≈≈≈≈≈≈≈
≈≈≈...≈.≈.## ##...## ##..≈≈≈≈≈≈≈≈
≈≈....≈...# ###..#####.≈≈≈≈≈≈≈≈≈
≈≈≈.......# #..........≈≈≈≈≈≈≈≈≈


You could see Polyphemus, a death yak, a catoblepas, a merfolk siren and a water
nymph.

Vanquished Creatures
  The ghost of Scypier the Warrior, an adept HuGl of Okawaru (Lair:2)
  2 orc warlords (Orc:1)
  Nessos (Orc:1)
  A dire elephant (Lair:6)
  The ghost of imnir the Severer, a journeyman HOFi of the Shining One (Orc:2)
  The ghost of GotenAND the Severer, a journeyman MiBe of Trog (D:13)
  A merfolk impaler (Shoals:1)
  A merfolk avatar (Shoals:1)
  7 hydras
  A catoblepas (Lair:6)
  4 alligator snapping turtles
  2 dancing weapons (D:13)
  A satyr (Shoals:2)
  An ogre mage (Volcano)
  7 two-headed ogres
  A death yak (Lair:6)
  6 orc high priests
  2 tengu warriors (D:13)
  3 unseen horrors
  8 sea snakes
  7 harpies
  5 orc knights
  A deep elf mage (D:13)
  A wolf spider zombie (D:13)
  2 wolf spiders (Lair:3)
  2 orc sorcerers
  3 ugly things
  2 cyclopes
  10 fauns
  4 manticores
  14 elephants
  3 merfolk sirens
  3 black mambas (Lair:6)
  17 spiny frogs
  8 komodo dragons
  A rime drake (Lair:2)
  2 ice devils (Lair:2)
  3 polar bears
  3 meliai (D:13)
  4 wind drakes
  4 trolls
  17 blink frogs
  A hornet (D:13)
  10 merfolk
  2 snapping turtles (Shoals:1)
  9 hippogriffs
  3 slime creatures (D:13)
  A shadow (D:11)
  2 redbacks (Lair:3)
  3 wyverns
  2 water elementals
  38 yaks
  3 fire bats (Volcano)
  A steam dragon (D:13)
  A basilisk (Lair:1)
  4 hungry ghosts
  Menkaure (D:6)
  14 vampire mosquitoes
  5 wargs (Orc:1)
  A soldier ant (D:13)
  9 water moccasins
  8 porcupines
  2 sky beasts
  3 ice beasts
  34 orc warriors
  A black bear (D:10)
  4 phantoms
  17 wolves
  10 ogres
  6 centaurs
  15 crocodiles
  2 big kobolds
  A gnoll sergeant (D:6)
  8 bullfrogs
  A water moccasin zombie (D:8)
  2 scorpions
  53 killer bees
  3 wights (D:7)
  6 howler monkeys
  2 electric eels (Lair:3)
  4 crimson imps
  3 lava snakes (Volcano)
  A centaur zombie (D:11)
  2 quasits
  2 jellies
  5 hounds
  16 orc priests
  2 bullfrog skeletons
  2 centaur skeletons
  6 iguanas
  23 orc wizards
  9 worker ants
  A killer bee zombie (D:8)
  2 hound zombies
  8 gnolls
  23 adders
  2 shadow imps
  3 oozes
  3 worms
  A dart slug (D:2)
  10 leopard geckos
  81 orcs
  9 giant cockroaches
  9 goblins
  8 hobgoblins
  10 jackals
  6 quokkas
  2 ball pythons
  7 bats
  4 frilled lizards
  A jackal skeleton (D:8)
  15 kobolds
  A quokka zombie (D:6)
  10 rats
  A fungus (Orc:2)
  A plant (Shoals:1)
749 creatures vanquished.

Vanquished Creatures (collateral kills)
  Donald (Shoals:2)
  A red draconian (Volcano)
  A two-headed ogre (Volcano)
  3 death yaks (Lair:6)
  A deep troll shaman (Lair:6)
  Sonja (D:10)
  2 polar bears (Lair:6)
  2 fire bats (Volcano)
  3 lava snakes (Volcano)
15 creatures vanquished.

Vanquished Creatures (others)
  A bush (Lair:6)
  32 fungi
  19 plants
52 creatures vanquished.

Grand Total: 816 creatures vanquished

Notes
Turn   | Place    | Note
-------+----------+-------------------------------------------
     0 | D:1      | Gingernuke the Minotaur Berserker began the quest for the Orb.
     0 | D:1      | Reached XP level 1. HP: 19/19 MP: 0/0
   271 | D:1      | Reached XP level 2. HP: 27/27 MP: 1/1
   685 | D:1      | Reached ** piety under Trog
   687 | D:1      | Reached skill level 1 in Shields
   951 | D:1      | Reached XP level 3. HP: 30/33 MP: 2/2
  1366 | D:2      | Reached XP level 4. HP: 38/40 MP: 3/3
  1576 | D:2      | Found a deep blue altar of Sif Muna.
  1690 | D:3      | Reached skill level 5 in Maces & Flails
  1706 | D:3      | Reached *** piety under Trog
  1728 | D:3      | Reached skill level 2 in Shields
  1734 | D:3      | Reached XP level 5. HP: 40/47 MP: 4/4
  1848 | D:3      | Received a gift from Trog
  2189 | D:3      | Found an ancient bone altar of Kikubaaqudgha.
  2255 | D:3      | Found an ornate altar of the Wu Jian Council.
  2983 | D:4      | Reached XP level 6. HP: 54/55 MP: 5/5
  2986 | D:4      | Reached skill level 5 in Fighting
  2986 | D:4      | Reached skill level 3 in Shields
  3210 | D:4      | Found a shattered altar of Ashenzari.
  3461 | D:4      | Reached XP level 7. HP: 52/61 MP: 6/6
  3614 | D:5      | Entered Level 5 of the Dungeon
  3661 | D:5      | Found a snail-covered altar of Cheibriados.
  3825 | D:5      | Found a staircase to the Ecumenical Temple.
  3846 | D:5      | Reached skill level 4 in Shields
  4032 | D:5      | Reached skill level 5 in Armour
  4542 | D:6      | Reached XP level 8. HP: 50/70 MP: 7/7
  4594 | D:6      | Reached **** piety under Trog
  4907 | D:6      | Reached skill level 5 in Shields
  5114 | D:6      | Noticed Menkaure
  5124 | D:6      | Killed Menkaure
  5888 | D:7      | Reached skill level 6 in Shields
  5888 | D:7      | Reached XP level 9. HP: 71/79 MP: 8/8
  5941 | D:7      | Found an iron altar of Okawaru.
  5986 | D:7      | Reached ***** piety under Trog
  6118 | D:7      | Found a sacrificial altar of Ru.
  6197 | D:7      | Reached skill level 10 in Maces & Flails
  6892 | D:8      | Received a gift from Trog
  7132 | D:8      | Reached skill level 7 in Shields
  7160 | D:8      | Found a shadowy altar of Dithmenos.
  7509 | D:8      | Found a sparkling altar of Nemelex Xobeh.
  7693 | D:9      | Noticed a two-headed ogre
  7828 | D:9      | Reached XP level 10. HP: 90/90 MP: 9/9
  7830 | D:9      | Killed a two-headed ogre
  8016 | D:9      | Noticed an orange crystal statue
  8027 | D:9      | Found a shimmering altar of Xom.
  8048 | D:9      | Noticed a two-headed ogre
  8064 | D:9      | Killed a two-headed ogre
  8064 | D:9      | Reached skill level 8 in Shields
  8561 | D:10     | Entered Level 10 of the Dungeon
  8746 | D:10     | Found a staircase to the Lair.
  8807 | D:10     | Received a gift from Trog
  8833 | D:10     | Killed an unseen horror
  8950 | D:10     | Noticed Sonja
  8953 | D:10     | Killed Sonja
  9193 | D:10     | Found Karphops's Distillery.
  9208 | D:10     | Killed an unseen horror
  9208 | D:10     | Reached skill level 9 in Shields
  9344 | D:10     | Reached XP level 11. HP: 99/99 MP: 10/10
  9419 | Lair:1   | Entered Level 1 of the Lair of Beasts
  9454 | Lair:1   | Found a dark tunnel.
  9469 | Volcano  | Entered a volcano
  9493 | Volcano  | Reached skill level 10 in Fighting
  9685 | Volcano  | Noticed a two-headed ogre
  9685 | Volcano  | Noticed a two-headed ogre
  9686 | Volcano  | Noticed a two-headed ogre
  9686 | Volcano  | Noticed a two-headed ogre
  9687 | Volcano  | Noticed an ogre mage
  9690 | Volcano  | Noticed a red draconian
  9693 | Volcano  | Killed a two-headed ogre
  9694 | Volcano  | Killed a two-headed ogre
  9697 | Volcano  | Killed a two-headed ogre
  9700 | Volcano  | Killed a two-headed ogre
  9700 | Volcano  | Reached skill level 10 in Armour
  9701 | Volcano  | Noticed a two-headed ogre
  9705 | Volcano  | Killed an ogre mage
  9710 | Volcano  | Killed a red draconian
  9711 | Volcano  | Killed a two-headed ogre
  9711 | Volcano  | Reached skill level 10 in Shields
  9891 | Volcano  | Found a burning altar of Makhleb.
  9914 | Volcano  | Found a radiant altar of Vehumet.
 10203 | Lair:1   | Reached skill level 15 in Maces & Flails
 10203 | Lair:1   | Reached skill level 11 in Shields
 10203 | Lair:1   | Reached XP level 12. HP: 110/110 MP: 11/11
 10204 | Lair:1   | Reached skill level 12 in Shields
 10204 | Lair:1   | Reached XP level 13. HP: 118/118 MP: 12/12
 11196 | Lair:2   | Reached XP level 14. HP: 127/127 MP: 13/13
 11377 | Lair:2   | Noticed Scypier's ghost (adept HuGl)
 11441 | Lair:2   | Killed Scypier's ghost
 11715 | Lair:2   | Found an opulent altar of Gozag.
 12606 | Lair:3   | Reached skill level 13 in Shields
 12764 | Lair:3   | Found a staircase to the Shoals.
 13164 | Lair:3   | Found a hole to the Spider Nest.
 15108 | Lair:5   | Reached skill level 14 in Shields
 15194 | Lair:5   | Received a gift from Trog
 16262 | Lair:6   | Entered Level 6 of the Lair of Beasts
 16327 | Lair:6   | Received a gift from Trog
 16673 | Lair:6   | Reached XP level 15. HP: 139/139 MP: 14/14
 17053 | Lair:6   | Found a staircase to the Slime Pits.
 17382 | Lair:6   | Reached skill level 15 in Fighting
 17423 | Lair:6   | Reached skill level 15 in Shields
 17750 | Lair:6   | Reached skill level 15 in Armour
 17834 | Lair:6   | Got a scorched ivory ring
 17850 | Lair:6   | Identified the ring "Fegej" {rElec rC- rN+ MR+} (You found it on level 6 of the Lair of Beasts)
 19346 | D:12     | Received a gift from Trog
 19366 | D:12     | Found a staircase to the Orcish Mines.
 20061 | Orc:1    | Entered Level 1 of the Orcish Mines
 20157 | Orc:1    | Found a roughly hewn altar of Beogh.
 20523 | Orc:2    | Entered Level 2 of the Orcish Mines
 20573 | Orc:2    | Noticed Nessos
 21059 | Orc:1    | Paralysed by an orc sorcerer for 2 turns
 21195 | Orc:2    | Noticed imnir's ghost (journeyman HOFi)
 21307 | Orc:2    | Noticed an orc warlord
 21331 | Orc:1    | Killed an orc warlord
 21340 | Orc:2    | Noticed an orc warlord
 21345 | Orc:1    | Received a gift from Trog
 21351 | Orc:1    | Got a steaming mace {god gift}
 21352 | Orc:1    | Identified the +2 mace "Secret Weapon" {crush, Int+4 Stlth+} (Trog gifted it to you on level 1 of the Orcish Mines)
 21372 | Orc:1    | Killed an orc warlord
 21372 | Orc:1    | Reached skill level 16 in Shields
 21891 | Orc:2    | Killed imnir's ghost
 21892 | Orc:2    | Gained mutation: Scrolls take you a little longer to read. [a neqoxec]
 22076 | Orc:2    | Found Zyret's Antique Weapon Emporium.
 22087 | Orc:2    | Found a staircase to the Elven Halls.
 22157 | Orc:2    | Found a roughly hewn altar of Beogh.
 22187 | Orc:2    | Found Yhaim's Antique Armour Boutique.
 22217 | Orc:1    | Killed Nessos
 22255 | Orc:2    | Found Suyxzist's Book Shop.
 22301 | Orc:2    | Reached skill level 5 in Dodging
 22524 | Orc:2    | Found Wuizog's General Store.
 22799 | Orc:2    | Bought a warped plate armour for 840 gold pieces
 22810 | Orc:2    | Identified the +1 plate armour of Too Many Cooks {+Fly rF+ Int+4} (You bought it in a shop on level 2 of the Orcish Mines)
 23051 | D:13     | Noticed GotenAND's ghost (journeyman MiBe)
 23082 | D:13     | Killed GotenAND's ghost
 23483 | D:13     | Reached XP level 16. HP: 151/151 MP: 13/15
 23790 | D:13     | Found a gate to the Vaults.
 23795 | D:13     | Reached ****** piety under Trog
 24078 | Shoals:1 | Entered Level 1 of the Shoals
 24529 | Shoals:1 | Reached skill level 17 in Shields
 25644 | Shoals:2 | Received a gift from Trog
 26574 | Shoals:2 | Noticed Donald
 26591 | Shoals:2 | Killed Donald
 26974 | Shoals:3 | Noticed Kirke
 27233 | Shoals:3 | Noticed Polyphemus
 27264 | Shoals:3 | HP: 3/152 [Polyphemus/large rock (22)]
 27264 | Shoals:3 | Slain by a death yak

Skill      XL: |  1  2  3  4  5  6  7  8  9 10 11 12 13 14 15 16 |
---------------+-------------------------------------------------+-----
Maces & Flails | 4 5 6 7 9 11 12 15 16 | 16.0
Fighting       | 4 5 6 7 8 9 11 12 14 16 | 16.6
Shields        | 1 2 3 4 6 7 9 11 12 14 16 17 | 17.8
Armour         | 3 4 5 6 8 9 11 12 14 15 16 | 16.3
Dodging        | 5 7 |  7.0

Action                   |  1- 3 |  4- 6 |  7- 9 | 10-12 | 13-15 | 16-18 || total
-------------------------+-------+-------+-------+-------+-------+-------++-------
Melee: Mace              |   102 |    41 |       |       |       |       ||   143
       Headbutt          |    14 |    34 |    65 |    49 |   326 |   105 ||   593
       Flail             |       |   123 |   180 |       |       |       ||   303
       Morningstar       |       |       |   192 |   202 |  1466 |   287 ||  2147
       Eveningstar       |       |       |       |       |       |   107 ||   107
Throw: Javelin           |       |     3 |     3 |     1 |     4 |       ||    11
Invok: Berserk           |     2 |     1 |     3 |     2 |     5 |     1 ||    14
       Burn Spellbooks   |       |       |     2 |     1 |     3 |     1 ||     7
       Trog's Hand       |       |       |     1 |     2 |     3 |       ||     6
       Brothers in Arms  |       |       |       |     2 |     2 |     1 ||     5
 Abil: Evoke Flight      |       |       |       |       |       |     3 ||     3
Evoke: Wand              |       |       |       |       |     5 |       ||     5
  Use: Scroll            |       |     7 |    12 |     5 |     7 |     3 ||    34
       Potion            |       |     1 |       |     2 |     2 |     3 ||     8
 Stab: Paralysed         |       |       |     1 |       |       |       ||     1
  Eat: Chunk             |     3 |     8 |    13 |     7 |    42 |    11 ||    84
       Ration            |       |       |     1 |     2 |     3 |     1 ||     7
Armor: Scale mail        |    21 |       |       |       |       |       ||    21
       Animal skin       |     3 |       |       |       |       |       ||     3
       Chain mail        |    15 |    83 |   104 |       |       |       ||   202
       Plate armour      |       |       |    45 |    87 |   494 |   158 ||   784
Dodge: Dodged            |    41 |    32 |    68 |    36 |   208 |    90 ||   475
Block: Shield            |    37 |    59 |   158 |       |       |       ||   254
       Large shield      |       |       |    38 |   201 |  1430 |   392 ||  2061
